 Dungeon Crawl Stone Soup version 0.28-a0-697-g47f3eba078 (webtiles) character file.

Game seed: 17992742202939577821

206 dolemite99 the Grave Robber (level 5, 0/39 HPs)
             Began as a Gnoll Necromancer on Oct 24, 2021.
             Was a Follower of Ashenzari.
             Slain by a gnoll (3 damage)
             ... on level 5 of the Dungeon.
             The game lasted 00:07:14 (3484 turns).

dolemite99 the Grave Robber (Gnoll Necromancer)     Turns: 3484, Time: 00:07:15

Health: 0/39       AC:  4    Str:  7    XL:     5   Next: 84%
Magic:  1/13       EV: 13    Int: 15    God:    Ashenzari [*.....]
Gold:   45         SH:  0    Dex: 13    Spells: 7/16 levels left

rFire   + . .      SeeInvis .   j - +0 dagger "Portent of Ashenzari" {venom, Self, Comp} (curse)
rCold   . . .      Faith    .   (no shield)
rNeg    . . .      Spirit   .   f - +0 leather armour of the Eye in the Sky {Fort, Bglg} (curse)
rPois   .          Reflect  .   q - +0 helmet
rElec   .          Harm     .   (no cloak)
rCorr   .          Rampage  .   (no gloves)
Will    .....                   (no boots)
Stlth   ++........              (no amulet)
HPRegen 0.13/turn               i - ring of protection from fire
MPRegen 0.13/turn               (no ring)

@: no status effects
A: fangs 1, strong nose, distributed training
a: Renounce Religion, Shatter the Chains


You were on level 5 of the Dungeon.
You worshipped Ashenzari.
Ashenzari was aware of your devotion.
You visited 1 branch of the dungeon, and saw 5 of its levels.

You collected 45 gold pieces.

Inventory:

Hand Weapons
 c - a +0 rapier
 g - a +0 halberd
 j - the cursed +0 dagger "Portent of Ashenzari" (weapon) {venom, Self, Comp}
   (You found it on level 2 of the Dungeon)

   It poisons the flesh of those it strikes.
   It has a curse which improves the following skills: Introspection: Fighting
   and Spellcasting.
   Companions: Summonings and Necromancy.
Missiles
 a - 2 datura-tipped darts (quivered)
 d - 83 stones
 h - 40 arrows
 n - 18 bolts
Armour
 b - a +0 kite shield
 f - the cursed +0 leather armour of the Eye in the Sky (worn) {Fort, Bglg}
   (You found it on level 1 of the Dungeon)

   It has a curse which improves the following skills: Fortitude: Armour and
   Shields.
   Beguiling: Conjurations, Hexes and Translocations.
 q - a +0 helmet (worn)
Jewellery
 i - a ring of protection from fire (left hand)
 o - an amulet of faith
Scrolls
 k - a scroll of amnesia


   Skills:
 + Level 1.6(2.4) Fighting
 + Level 1.6 Short Blades
 + Level 1.6 Long Blades
 + Level 1.6 Axes
 + Level 1.6 Maces & Flails
 + Level 1.6 Polearms
 + Level 1.6 Staves
 + Level 1.6 Slings
 + Level 1.6 Bows
 + Level 1.6 Crossbows
 + Level 1.6 Throwing
 + Level 1.6(2.4) Armour
 + Level 4.8 Dodging
 + Level 4.5 Stealth
 + Level 1.6(2.4) Shields
 + Level 1.6 Unarmed Combat
 + Level 5.2(6.2) Spellcasting
 + Level 1.3(2.0) Conjurations
 + Level 1.3(2.0) Hexes
 + Level 1.3(2.0) Summonings
 + Level 7.2(8.2) Necromancy
 + Level 1.3(2.0) Translocations
 + Level 1.3 Transmutations
 + Level 1.3 Fire Magic
 + Level 1.3 Ice Magic
 + Level 1.3 Air Magic
 + Level 1.3 Earth Magic
 + Level 1.3 Poison Magic
 + Level 1.9 Invocations
 + Level 1.6 Evocations


You had 7 spell levels left.
You knew the following spells:

 Your Spells              Type           Power      Damage    Failure   Level
a - Pain                  Necr           100%       1d9       1%          1
b - Vampiric Draining     Necr           14%        2d8       1%          3
c - Animate Skeleton      Necr           58%        N/A       1%          1
d - Dispel Undead         Necr           29%        3d13      7%          4

Your spell library contained the following spells:

 Spells                   Type           Power      Damage    Failure   Level
 Animate Dead             Necr           14%        N/A       7%          4
 Static Discharge         Conj/Air       9%         N/A       16%         2
 Agony                    Necr           29%        N/A       19%         5
 Sticky Flame             Conj/Fire      9%         2d3       71%         4


Dungeon Overview and Level Annotations

Branches:
Dungeon (5/15)
 Temple: D:4-7

Altars:
Ashenzari
Trog

Annotations:
D:5 3 runed translucent doors, Barbarella's ghost, novice KoEn


Innate Abilities, Weirdness & Mutations

You have very sharp teeth.
Your uncanny sense of smell can sniff out nearby items.
Your experience applies equally to all skills.


Message History

Before your eyes, flesh is ripped from the corpse!
The dead are walking!
The gnoll hits you from afar with a +0 spear.
The gnoll misses you. The gnoll closely misses you.
You swap places.
The gnoll hits you with a +0 spear. x2; The gnoll misses you.
You hit the gnoll but do no damage.
The gnoll is poisoned.
The gnoll hits you with a +0 spear.
Your black bear skeleton completely misses the gnoll.
Your black bear skeleton claws the gnoll. x2
The gnoll hits you but does no damage. The gnoll hits you with a +0 club.
* * * LOW HITPOINT WARNING * * *
You hit the gnoll.
The gnoll is poisoned.
The gnoll is lightly wounded.
The gnoll closely misses you.
Your black bear skeleton bites the gnoll.
Your black bear skeleton claws the gnoll.
Your black bear skeleton closely misses the gnoll.
The gnoll barely misses you. x2
You hit the gnoll.
The gnoll is poisoned.
Your bite misses the gnoll.
The gnoll is heavily wounded.
The gnoll hits you with a +0 spear.
* * * LOW HITPOINT WARNING * * *
The gnoll hits you with a +0 spear.
* * * LOW HITPOINT WARNING * * *
Your black bear skeleton bites the gnoll.
Your black bear skeleton claws the gnoll but does no damage. x2
The gnoll barely misses you.
You hit the gnoll but do no damage.
The gnoll is lightly wounded.
The gnoll hits you with a +0 spear.
* * * LOW HITPOINT WARNING * * *
The gnoll closely misses you.
You closely miss the gnoll.
The gnoll is almost dead.
You kill the gnoll!
The gnoll closely misses you. The gnoll barely misses you.
You hit the gnoll but do no damage.
The gnoll looks even sicker.
The gnoll is moderately wounded.
The gnoll hits you with a +0 spear.
You die...

###...###g########...<....#
..........g......#........#
.................#........#
.............8...#........#
#####+++######...#........#
.........o.oo#...#........#
....#####.o..#...#.......$#
.###...o.###.#.gg#........#
#8#$.8..#8#.#.Z@#........#
. ..........#...#........#
∆ ###+#........+ ∆
..........# ∆ ..#####+###


You could see 2 gnolls and a friendly black bear skeleton.

Vanquished Creatures
  A black bear (D:5)
  An orc wizard (D:5)
  A hound skeleton (D:4)
  A gnoll (D:5)
  4 worms
  3 orcs
  4 bats
  3 endoplasms (D:2)
  3 giant cockroaches
  2 hobgoblins
  A quokka (D:2)
  7 ball pythons
  A frilled lizard (D:2)
  6 goblins
  3 kobolds
  2 rats (D:1)
43 creatures vanquished.

Vanquished Creatures (collateral kills)
  A ball python (D:2)
  A bat (D:2)
  A rat (D:2)
3 creatures vanquished.

Grand Total: 46 creatures vanquished

Notes
Turn   | Place    | Note
-------+----------+-------------------------------------------
     0 | D:1      | dolemite99 the Gnoll Necromancer began the quest for the
                  | Orb.
     0 | D:1      | Reached XP level 1. HP: 13/13 MP: 6/6
   390 | D:1      | Reached XP level 2. HP: 18/19 MP: 5/7
   841 | D:2      | Learned a level 1 spell: Animate Skeleton
   898 | D:2      | Reached XP level 3. HP: 19/25 MP: 7/9
   947 | D:2      | Reached skill level 5 in Spellcasting
  1123 | D:2      | Found a faded altar of an unknown god.
  1132 | D:2      | Prayed at the altar of an unknown god.
  1132 | D:2      | Became a worshipper of Ashenzari the Shackled
  1232 | D:2      | Learned a level 3 spell: Vampiric Draining
  1334 | D:2      | Reached skill level 1 in Invocations
  2321 | D:3      | Reached * piety under Ashenzari
  2625 | D:3      | Reached skill level 1 in Fighting
  2625 | D:3      | Reached skill level 1 in Short Blades
  2625 | D:3      | Reached skill level 1 in Long Blades
  2625 | D:3      | Reached skill level 1 in Axes
  2625 | D:3      | Reached skill level 1 in Maces & Flails
  2625 | D:3      | Reached skill level 1 in Polearms
  2625 | D:3      | Reached skill level 1 in Staves
  2625 | D:3      | Reached skill level 1 in Slings
  2625 | D:3      | Reached skill level 1 in Bows
  2625 | D:3      | Reached skill level 1 in Crossbows
  2625 | D:3      | Reached skill level 1 in Throwing
  2625 | D:3      | Reached skill level 1 in Armour
  2625 | D:3      | Reached skill level 1 in Shields
  2625 | D:3      | Reached skill level 1 in Unarmed Combat
  2625 | D:3      | Reached skill level 1 in Evocations
  3258 | D:4      | Noticed a necrophage
  3297 | D:3      | You fall into a shaft and drop 2 floors!
  3297 | D:5      | Entered Level 5 of the Dungeon
  3302 | D:5      | Found a runed translucent gate.
  3306 | D:5      | Found a runed translucent gate.
  3306 | D:5      | Found a runed translucent gate.
  3307 | D:5      | Noticed Barbarella's ghost (novice KoEn)
  3309 | D:5      | Identified the +6 mace "Keotif" {freeze, rF+ Dex+3}
  3322 | D:5      | Reached XP level 4. HP: 25/32 MP: 8/12
  3415 | D:5      | Learned a level 4 spell: Dispel Undead
  3419 | D:5      | Noticed a scorpion
  3431 | D:4      | Noticed a black bear
  3431 | D:4      | Found a bloodstained altar of Trog.
  3431 | D:4      | Noticed a black bear
  3439 | D:4      | Reached skill level 1 in Conjurations
  3439 | D:4      | Reached skill level 1 in Hexes
  3439 | D:4      | Reached skill level 1 in Summonings
  3439 | D:4      | Reached skill level 1 in Translocations
  3439 | D:4      | Reached skill level 1 in Transmutations
  3439 | D:4      | Reached skill level 1 in Fire Magic
  3439 | D:4      | Reached skill level 1 in Ice Magic
  3439 | D:4      | Reached skill level 1 in Air Magic
  3439 | D:4      | Reached skill level 1 in Earth Magic
  3439 | D:4      | Reached skill level 1 in Poison Magic
  3476 | D:5      | Killed a black bear
  3477 | D:5      | Reached XP level 5. HP: 23/39 MP: 1/13
  3484 | D:5      | Slain by a gnoll

Illustrated notes

Levels and vault maps discovered:
D:1:      ncdulo_smallfort, layout_rooms
D:2:      layout_rooms, shapermc_ecumenical_altar_notcrosses
D:3:      layout_basic, nicolae_uskayaw_murder_on_the_dancefloor
D:4:      minmay_chambers_of_twos, layout_rooms, trog_ov_bears_minmay,
          gammafunk_temple_overflow_statue, mainiacjoe_overflow_small_starburst,
          portal_sewer_entry_b
D:5:      layout_gridville, minmay_temple_entry_drinking_statues,
          biasface_ghost_orc_armoury

Skill      XL: |  1  2  3  4 |
---------------+-------------+-----
Spellcasting   | 5 |  5.2
Invocations    | 1 |  1.9
Fighting       | 1 |  1.6
Short Blades   | 1 |  1.6
Long Blades    | 1 |  1.6
Axes           | 1 |  1.6
Maces & Flails | 1 |  1.6
Polearms       | 1 |  1.6
Staves         | 1 |  1.6
Slings         | 1 |  1.6
Bows           | 1 |  1.6
Crossbows      | 1 |  1.6
Throwing       | 1 |  1.6
Armour         | 1 |  1.6
Shields        | 1 |  1.6
Unarmed Combat | 1 |  1.6
Evocations     | 1 |  1.6
Conjurations   | 1 |  1.3
Hexes          | 1 |  1.3
Summonings     | 1 |  1.3
Translocations | 1 |  1.3
Transmutations | 1 |  1.3
Fire Magic     | 1 |  1.3
Ice Magic      | 1 |  1.3
Air Magic      | 1 |  1.3
Earth Magic    | 1 |  1.3
Poison Magic   | 1 |  1.3
Dodging        | |  4.8
Stealth        | |  4.5
Necromancy     | |  7.2

Action                   |  1- 3 |  4- 6 || total
-------------------------+-------+-------++-------
Melee: Halberd           |    13 |       ||    13
       Bite              |     7 |     1 ||     8
       Dagger            |    40 |    19 ||    59
       Punch             |     1 |       ||     1
Throw: Stone             |     8 |       ||     8
       Dart              |     1 |       ||     1
       Throwing net      |       |     1 ||     1
 Cast: Pain              |    42 |       ||    42
       Animate Skeleton  |     9 |     1 ||    10
       Vampiric Draining |     5 |     5 ||    10
       Dispel Undead     |       |     1 ||     1
Invok: Curse Item        |     2 |       ||     2
  Use: Scroll            |     2 |     1 ||     3
       Potion            |     2 |       ||     2
 Stab: Sleeping          |     2 |       ||     2
Armor: Robe              |     5 |       ||     5
       Leather armour    |     9 |    15 ||    24
Dodge: Dodged            |    59 |    52 ||   111

Table legend: (Time is in decaauts)
 A = Elapsed time spent in this place.
 B = Non-inter-level travel time spent in this place.
 C = Inter-level travel time spent in this place.
 D = Time resting spent in this place.
 E = Time spent auto-exploring this place.
 F = Levels seen in this place.
 G = Mean time per level.
                   A        B        C        D        E       F      G
               +--------+--------+--------+--------+--------+-----+--------+
         Total |   3469 |   3411 |     58 |   1754 |   1037 |   5 |  693.8 |
       Dungeon |   3469 |   3411 |     58 |   1754 |   1037 |   5 |  693.8 |
               +--------+--------+--------+--------+--------+-----+--------+

Top non-repeatable levels by time:
     D:3: 1516 daAuts
     D:2: 967 daAuts
     D:1: 787 daAuts
     D:5: 177 daAuts
     D:4: 19 daAuts
